 Dungeon Crawl Stone Soup version 0.16-a0-296-gbdb9f68 (webtiles) character file.

603 Ololoev the Stinger (level 7, -1/43 HPs)
             Began as an Octopode Transmuter on Aug 29, 2014.
             Slain by Sigmund
             ... wielding a +0 scythe
              (15 damage)
             ... on Level 3 of the Dungeon.
             The game lasted 00:18:04 (4793 turns).

Ololoev the Stinger (Octopode Transmuter)           Turns: 4793, Time: 00:18:05

HP  -1/43        AC  1     Str 10      XL: 7   Next: 42%
MP  12/12        EV 12     Int 17      God:
Gold 130         SH  0     Dex 12      Spells:  3 memorised,  4 levels left

rFire  . . .     SeeInvis .       - Unarmed
rCold  . . .     Clarity  .     (no shield)
rNeg   . . .     rCorr    .     (helmet restricted)
rPois  .         rRot     .     (no amulet)
rElec  .         Spirit   .     (no ring)
SustAb .         Warding  .     (no ring)
rMut   .         Stasis   .     (no ring)
Gourm  .                        (no ring)
MR     .....                    (no ring)
                                (no ring)
                                (no ring)
                                (no ring)

@: not resistant to hostile enchantments, unstealthy
A: almost no armour, amphibious, 8 rings, constrict 8, camouflage 1, gelatinous
body 1
a: no special abilities


You were on level 3 of the Dungeon.
You were not hungry.

You visited 1 branch of the dungeon, and saw 3 of its levels.
You also visited: Sewer.

You collected 130 gold pieces.

Inventory:

Missiles
 b - 7 arrows
 c - 19 arrows of frost
Comestibles
 a - 4 bread rations
 i - 2 meat rations
 j - 8 fruits
Scrolls
 k - 3 scrolls of teleportation
 n - a scroll of magic mapping
 p - a scroll of recharging {unknown}
Potions
 e - 2 potions of heal wounds {unknown}
 f - 2 potions of curing
 g - a potion of flight {unknown}
 h - 3 potions of magic {unknown}
 l - 2 potions of might {unknown}
 m - 3 potions of brilliance {unknown}
 o - a potion of lignification {unknown}
Books
 d - a book of Changes

   Spells                             Type                      Level
   *Beastly Appendage                 Transmutation                1
   *Sticks to Snakes                  Transmutation                2
   *Spider Form                       Transmutation/Poison         3
   Ice Form                           Ice/Transmutation            4
   Blade Hands                        Transmutation                5


   Skills:
 - Level 1.0 Fighting
 + Level 2.0 Dodging
 - Level 3.0 Unarmed Combat
 - Level 2.0 Spellcasting
 + Level 5.4 Transmutations
 - Level 6.8 Poison Magic


You had 4 spell levels left.
You knew the following spells:

 Your Spells              Type           Power        Failure   Level  Hunger
a - Beastly Appendage     Trmt           ###...       2%          1    #......
b - Spider Form           Trmt/Pois      ###.......   6%          3    ####...
c - Sticks to Snakes      Trmt           ###.......   3%          2    ###....


Dungeon Overview and Level Annotations

Branches:
Dungeon (3/15)

Altars:
Yredelemnul

Annotations:
D:3 Sigmund


Innate Abilities, Weirdness & Mutations

You cannot wear most types of armour.
You are amphibious.
You can wear up to eight rings at the same time.
You can use your tentacles to constrict many enemies at once.
Your skin changes colour to match your surroundings (Stealth).
Your rubbery body absorbs attacks (AC +1).


Message History

Your transformation has ended.
You hear some strange, mumbled words.
A puff of flame appears from out of thin air!
The puff of flame hits you!
* * * LOW HITPOINT WARNING * * *
You miss something. Something hits you.
* * * LOW HITPOINT WARNING * * *
Drink which item? (? for menu, Esc to quit)
You feel better.
It was a potion of curing.
You hear some strange, mumbled words.
A puff of flame appears from out of thin air!
The puff of flame hits you!
* * * LOW HITPOINT WARNING * * *
Drink which item? (? for menu, Esc to quit)
You feel better.
You hear some strange, mumbled words.
You are confused.
Drink which item? (? for menu, Esc to quit)
You feel better. Something hits you!
You die...

########## ######...$.
..##########
##........####.##....<...
....[..{@...##.##.#######
#.#####.#!#.##.##.#
#.#.#.##.##.#
#.#.#.##.##.#####
#.#.#.##<##.##≈≈###
#.#.#.##.##.#≈≈≈≈≈≈
..#.#.##.##.##≈≈###
###.#.##.##.##≈##≈≈ #
#....#.##.##≈#≈≈≈


There were no monsters in sight!

Vanquished Creatures
  5 big kobolds (Sewer)
  A giant frog zombie (D:3)
  Crazy Yiuf (D:2)
  Terence (D:3)
  9 adders
  2 green rats
  5 worms
  2 oozes
  2 orcs (D:3)
  3 ball pythons
  3 bats
  9 hobgoblins
  4 jackals (D:2)
  2 quokkas (D:2)
  5 giant cockroaches
  3 giant geckos
  2 giant newts
  9 goblins
  8 kobolds
  6 rats
82 creatures vanquished.

Vanquished Creatures (collateral kills)
  A worm (D:2)
  A goblin (D:3)
2 creatures vanquished.

Grand Total: 84 creatures vanquished

Notes
Turn   | Place    | Note
--------------------------------------------------------------
     0 | D:1      | Ololoev, the Octopode Transmuter, began the quest for the Orb.
     0 | D:1      | Reached XP level 1. HP: 13/13 MP: 3/3
   436 | D:1      | Reached XP level 2. HP: 16/18 MP: 2/4
   814 | D:2      | Found a basalt altar of Yredelemnul.
   972 | D:2      | Reached XP level 3. HP: 7/23 MP: 4/6
  1251 | D:2      | Learned a level 3 spell: Spider Form
  1338 | D:2      | Reached skill level 1 in Poison Magic
  1759 | D:2      | Reached XP level 4. HP: 21/28 MP: 4/7
  1830 | D:2      | Learned a level 2 spell: Sticks to Snakes
  1956 | D:2      | Noticed Crazy Yiuf
  1964 | D:2      | Killed Crazy Yiuf
  1964 | D:2      | Reached skill level 4 in Transmutations
  2754 | D:3      | Reached XP level 5. HP: 27/33 MP: 7/9
  2863 | D:3      | Noticed Terence
  2870 | D:3      | Killed Terence
  3194 | D:3      | Found a glowing drain.
  3239 | Sewer    | Entered a sewer
  3368 | Sewer    | Reached XP level 6. HP: 29/38 MP: 8/10
  3375 | Sewer    | Reached skill level 5 in Poison Magic
  3891 | Sewer    | Reached skill level 5 in Transmutations
  3937 | Sewer    | Reached skill level 6 in Poison Magic
  3937 | Sewer    | Reached XP level 7. HP: 36/43 MP: 10/12
  4768 | D:3      | Noticed Sigmund
  4791 | D:3      | HP: 1/43 [something/puff of flame (8)]
  4793 | D:3      | Slain by Sigmund

Action                   |  1- 3 |  4- 6 |  7- 9 || total
-------------------------+-------+-------+-------++-------
Melee: Unarmed           |    72 |   125 |    55 ||   252
 Cast: Beastly Appendage |    21 |    20 |     9 ||    50
       Spider Form       |     1 |     4 |     2 ||     7
       Sticks to Snakes  |       |     6 |       ||     6
  Use: Scroll            |       |     7 |       ||     7
       Potion            |       |       |     3 ||     3
 Stab: Sleeping          |     2 |     2 |       ||     4
  Eat: Chunk             |     3 |     7 |     3 ||    13
       Pizza             |       |       |     1 ||     1
